 Dungeon Sprint DCSS version 0.30.1-4-g462c640d31 (webtiles) character file.

Game seed: 17147101187911221234

4491 Heoruswealwe the Brawler (level 10, 0/111 HPs)
             Began as a Troll Berserker on Aug 16, 2023.
             Was the Champion of Trog.
             Slain by an unseen horror (9 damage)
             ... in the Dungeon (Sprint I: "Red Sonja").
             The game lasted 00:09:14 (587 turns).

Heoruswealwe the Brawler (Troll Berserker)           Turns: 587, Time: 00:09:14

Health: 0/111      AC:  6    Str: 31    XL:     10   Next: 16%
Magic:  9/9        EV: 12    Int:  3    God:    Trog [******]
Gold:   753        SH:  0    Dex:  9    Spells: 9/9 levels left

rFire   . .          .
                       - Unarmed
rCold   . . .        (no shield)
rNeg    . . .        k - +0 troll leather armour
rPois   .            (helmet restricted)
rElec   .            (no cloak)
rCorr   .            (gloves unavailable)
SInv    .            (boots unavailable)
Will    .....        (no amulet)
Stlth   +            (no ring)
HPRegen 1.98/turn    (no ring)
MPRegen 0.11/turn

%: no teleportation
@: hasted, very quick
A: large, unfitting armour, claws 3, regeneration 1, shaggy fur 1, tough skin 1
a: Renounce Religion, Berserk, Trog's Hand, Brothers in Arms


You were in the Dungeon.
You worshipped Trog.
Trog was exalted by your worship.
You visited 1 branch You collected 753 gold pieces.

Inventory:

Armour
 k - a +0 troll leather armour (worn)
Wands
 h - a wand of iceblast (9)
Scrolls
 g - a scroll of blinking
 i - a scroll of amnesia {unknown}
 j - a scroll of summoning {unknown}
Potions
 d - 2 potions of haste
 e - 2 potions of magic
 f - a potion of berserk rage


   Skills:
 + Level 10.6 Fighting
 + Level 10.6 Dodging
 * Level 17.1 Unarmed Combat


You had 9 spell levels left.
You didn't know any spells.
Your spell library was empty.

Dungeon Overview and Level Annotations

Branches:
Dungeon (1/1)

Altars:
Cheibriados
Dithmenos
Elyvilon
Fedhas
Gozag
Hepliaklqana
Kikubaaqudgha
Makhleb
Nemelex Xobeh
Okawaru
Qazlal
Ru
Sif Muna
Trog
Uskayaw
Vehumet
Wu Jian
Xom
Yredelemnul
Zin
The Shining One
Jiyva
Lugonu

Shops:
D ([


Innate Abilities, Weirdness & Mutations

You are too large for most types of armour.
You have claws for hands.
Your natural rate of healing is unusually fast.
You are covered in fur. (AC +1)
You have tough skin. (AC +1)


Message History

You closely miss the necrophage. You closely miss the necrophage.
The necrophage hits you.
You feel drained.
You claw the necrophage!
The necrophage is moderately damaged.
The necrophage hits you.
You mangle the necrophage!!
You destroy the necrophage!
Trog accepts your kill.
Your life force feels restored.
You see here a necrophage corpse.
You see here a +2 heavy glaive.
You see here a necrophage corpse.
You open the gate. Something hits you.
Deactivating autopickup; reactivate with Ctrl-A.
Something hits you. Something hits you! Something hits you! Something hits you.
There is an open gate, spattered with blood here.
Something hits you.
You miss something. Something hits you!
You miss something. Something hits you! Something hits you. Something hits you!
Something hits you.
Something hits you but does no damage. x2
Something hits you. Something hits you!
Something hits you but does no damage. x2
Something hits you. Something barely misses you. Something hits you.
You miss something. Something hits you. x2
* * * LOW HITPOINT WARNING * * *
Something hits you.
* * * LOW HITPOINT WARNING * * *
You closely miss something. Something hits you.
* * * LOW HITPOINT WARNING * * *
Something hits you!
* * * LOW HITPOINT WARNING * * *
You barely miss something. Something hits you.
* * * LOW HITPOINT WARNING * * *
Something hits you.
* * * LOW HITPOINT WARNING * * *
You feel yourself speed up. Something hits you.
* * * LOW HITPOINT WARNING * * *
You scratch something. Your claw misses something. Something hits you!
You die...

__####..##.#§~§§§#..#
_____##'#_.+§§§.§+..#
_.∩...†..._#§§§§§#..#
_..__##_.#'##+#####+###
_____###+#.#))..###.+.#
###### ####†###(###†#
+..[..'(∩##.#
###########.#
#....@..##.#
#........+.#
#'''######§#
#......†)#§#
######.......#+§#
#$)=[.†††...~####
#}})...)...~~#
##.......~~~##
###..~~~~###


There were no monsters in sight!

Vanquished Creatures
  2 centaur warriors (D)
  A deep troll (D)
  An oklob plant (D)
  2 kobold demonologists (D)
  A hornet (D)
  Sigmund (D)
  A slime creature (D)
  A yak (D)
  2 redbacks (D)
  2 floating eyes (D)
  An ogre (D)
  7 necrophages (D)
  8 jellies (D)
  Ijyb (D)
31 creatures vanquished.

Notes
Turn   | Place    | Note
-------+----------+-------------------------------------------
     0 | D        | Heoruswealwe the Troll Berserker began the quest for the
                  | Orb.
     0 | D        | Reached XP level 1. HP: 22/22 MP: 0/0
     1 | D        | Noticed Ijyb
     5 | D        | Killed Ijyb
     6 | D        | Reached skill level 5 in Unarmed Combat
     6 | D        | Reached XP level 2. HP: 31/31 MP: 1/1
    10 | D        | Noticed an ogre
    15 | D        | Killed an ogre
    16 | D        | Reached skill level 7 in Unarmed Combat
    16 | D        | Reached XP level 3. HP: 40/40 MP: 2/2
    16 | D        | Reached XP level 4. HP: 49/49 MP: 3/3
    26 | D        | Noticed Sigmund
    36 | D        | Killed Sigmund
    36 | D        | Reached ** piety under Trog
    37 | D        | Reached skill level 5 in Fighting
    37 | D        | Reached skill level 5 in Dodging
    37 | D        | Reached skill level 9 in Unarmed Combat
    37 | D        | Reached XP level 5. HP: 53/59 MP: 4/4
    37 | D        | Reached XP level 6. HP: 60/67 MP: 5/5
    50 | D        | Found a burning altar of Makhleb.
    50 | D        | Found a viscous altar of Jiyva.
    50 | D        | Found a shimmering altar of Xom.
    50 | D        | Found a corrupted altar of Lugonu.
    50 | D        | Noticed a slime creature
    59 | D        | Killed a slime creature
    60 | D        | Reached skill level 10 in Unarmed Combat
    81 | D        | Found an ornate altar of the Wu Jian Council.
    81 | D        | Found a shimmering blue altar of Sif Muna.
    83 | D        | Found a radiant altar of Vehumet.
   115 | D        | Found Vyolem's Weapon Emporium.
   115 | D        | Found an ancient bone altar of Kikubaaqudgha.
   115 | D        | Found a hazy altar of Hepliaklqana.
   115 | D        | Found a stormy altar of Qazlal.
   115 | D        | Found a hide-covered altar of Uskayaw.
   115 | D        | Found a blossoming altar of Fedhas.
   115 | D        | Found a bloodstained altar of Trog.
   115 | D        | Found an iron altar of Okawaru.
   115 | D        | Found a basalt altar of Yredelemnul.
   115 | D        | Found a glowing golden altar of the Shining One.
   115 | D        | Found a snail-covered altar of Cheibriados.
   115 | D        | Found a sacrificial altar of Ru.
   115 | D        | Found a glowing silver altar of Zin.
   115 | D        | Found a shadowy altar of Dithmenos.
   115 | D        | Found a white marble altar of Elyvilon.
   115 | D        | Noticed a yak
   119 | D        | Killed a yak
   119 | D        | Reached *** piety under Trog
   120 | D        | Reached skill level 11 in Unarmed Combat
   120 | D        | Reached XP level 7. HP: 59/78 MP: 6/6
   120 | D        | Found an opulent altar of Gozag.
   121 | D        | Found a sparkling altar of Nemelex Xobeh.
   148 | D        | Noticed a kobold demonologist
   149 | D        | Noticed a kobold demonologist
   156 | D        | Killed a kobold demonologist
   156 | D        | Paralysed by a floating eye for 3 turns
   157 | D        | Reached skill level 12 in Unarmed Combat
   159 | D        | Noticed a chaos spawn
   160 | D        | Killed a kobold demonologist
   160 | D        | Reached **** piety under Trog
   161 | D        | Reached skill level 13 in Unarmed Combat
   161 | D        | Reached XP level 8. HP: 78/88 MP: 7/7
   182 | D        | Noticed a centaur warrior
   182 | D        | Noticed a centaur warrior
   193 | D        | Killed a centaur warrior
   194 | D        | Reached skill level 14 in Unarmed Combat
   198 | D        | Killed a centaur warrior
   199 | D        | Reached skill level 15 in Unarmed Combat
   199 | D        | Reached XP level 9. HP: 13/100 MP: 8/8
   313 | D        | Noticed a deep troll
   319 | D        | Killed a deep troll
   365 | D        | Found Hujuceku's Armour Emporium.
   402 | D        | Noticed an oklob plant
   405 | D        | Killed an oklob plant
   405 | D        | Reached ***** piety under Trog
   406 | D        | Reached skill level 10 in Fighting
   406 | D        | Reached skill level 10 in Dodging
   406 | D        | Reached skill level 16 in Unarmed Combat
   470 | D        | Reached XP level 10. HP: 75/111 MP: 9/9
   474 | D        | Received a gift from Trog
   560 | D        | Reached ****** piety under Trog
   562 | D        | Reached skill level 17 in Unarmed Combat
   563 | D        | Received a gift from Trog
   587 | D        | Slain by an unseen horror

Illustrated notes

Levels and vault maps discovered:
D:        dungeon_sprint_1 [red_sonja_temple_1, red_sonja_temple_small_1]

Skill      XL: |  1  2  3  4  5  6  7  8  9 10 |
---------------+-------------------------------+-----
Fighting       | 3 4 5 7 8 9 10 | 10.6
Dodging        | 3 4 5 7 8 9 10 | 10.6
Unarmed Combat | 5 7 9 11 13 15 16 17 | 17.1

Action                     |  1- 3 |  4- 6 |  7- 9 | 10-12 || total
---------------------------+-------+-------+-------+-------++-------
  Melee: Unarmed           |     7 |    23 |    34 |    39 ||   103
         Punch             |       |     2 |     3 |     2 ||     7
 Invoke: Berserk           |       |       |     1 |       ||     1
    Use: Potion            |       |       |     3 |     2 ||     5
 Armour: Animal skin       |       |     2 |     9 |       ||    11
         Troll leather arm |       |       |       |    10 ||    10
  Dodge: Dodged            |     3 |     4 |    13 |    20 ||    40
